AoeStats
← Enyaloth

Oasis

509989972Analyzed
2v2 RM · 2d ago on Sep 28, 2026· 34m 49s· 4 players
Game mode
Random Map
Map size
Medium (4 player)
Population
200
Speed
Normal
Resources
Standard
Victory
Conquest
Starting age
Dark Age
Ending age
Imperial Age
RankedLock teamsTeams togetherTeam positionsShared explorationLock speedFull tech treeHidden civsTurbo modeCheats
Victory
Defeat
🇦🇷 Franks · Argentina
1228
+16
🇦🇷 Ethiopians · Argentina
1116
+20
🇺🇸 Khmer · United States
1234
-19
🇺🇸 Persians · United States
1195
-17
Siimlol
6:46 Loom
9:53 Feudal Age
10:25 Double-Bit Axe
18:40 Castle Age
17:26 Scale Barding Armor
17:25 Gold Mining
18:10 Forging
19:29 Husbandry
19:41 Bow Saw
30:46 Chain Barding Armor
35:58 Iron Casting
Escaracho
8:09 Loom
10:50 Feudal Age
14:12 Fletching
14:37 Double-Bit Axe
25:23 Castle Age
25:14 Gold Mining
25:42 Crossbowman
26:32 Thumb Ring
27:00 Bow Saw
26:50 Bodkin Arrow
28:37 Padded Archer Armor
29:14 Ballistics
Enyaloth
6:24 Loom
11:27 Feudal Age
15:30 Castle Age
13:46 Double-Bit Axe
17:18 Horse Collar
22:39 Bloodlines
29:08 Forging
31:09 Scale Barding Armor
32:48 Chain Barding Armor
33:39 Iron Casting
shanzeenee
9:09 Loom
11:48 Feudal Age
12:36 Double-Bit Axe
17:05 Castle Age
15:04 Horse Collar
16:36 Fletching
17:44 Bow Saw
24:11 Bloodlines
26:10 Elite Skirmisher
27:38 Husbandry
Connection lost

Rejoining the realm…

Still unreachable

The connection could not be restored.

Session expired

The server has moved on; the page needs a fresh start.